 Dungeon Sprint DCSS version 0.28.0-53-g5a82cb258f (webtiles) character file.

Game seed: 3328488605413423206

82012 Zeld the Slayer (level 14, 0/165 HPs)
             Began as a Minotaur Berserker on June 16, 2022.
             Was the Champion of Trog.
             Slain by Mennas
             ... wielding a +0 trishula of holy wrath
              (11 damage)
             ... in the Dungeon (Sprint III: "The Ten Rune Challenge").
             The game lasted 00:18:11 (11462 turns).

Zeld the Slayer (Minotaur Berserker)               Turns: 11462, Time: 00:18:11

Health: 0/165      AC: 15    Str: 29    XL:     14   Next: 33%
Magic:  13/13      EV: 19    Int:  4    God:    Trog [******]
Gold:   515        SH:  0    Dex: 10    Spells: 13/13 levels left

rFire   . . .      SeeInvis +   a - +12 executioner's axe of the Several Moons {vorpal, Str+2}
rCold   . . .      Faith    .   (shield currently unavailable)
rNeg    . . .      Spirit   .   b - +2 troll leather armour {Snorg}
rPois   +          Reflect  .   u - +1 hat
rElec   .          Harm     .   C - +2 cloak {rPois}
rCorr   .          Rampage  .   (no gloves)
Will    +....      NoTele   +   (no boots)
Stlth   +.........              (no amulet)
HPRegen 1.17/turn               h - ring of flight
MPRegen 0.13/turn               r - ring of see invisible

@: flying, hasted, glowing, silenced, very quick
A: horns 2, retaliatory headbutt, subdued magic 1
}: 2/10 runes: serpentine, barnacled
a: Renounce Religion


You were in the Dungeon.
You worshipped Trog.
Trog was exalted by your worship.
You visited 1 branch You collected 4318 gold pieces.
You spent 3803 gold pieces at shops.

Inventory:

Hand Weapons
 a - the +12 executioner's axe of the Several Moons (weapon) {vorpal, Str+2}
   (Trog gifted it to you in the Dungeon)

   It inflicts extra damage upon your enemies.
   Str:       It affects your strength (+2).
 j - a +6 antimagic executioner's axe
Armour
 b - a +2 troll leather armour (worn) {Snorg}
 u - a +1 hat (worn)
 C - a +2 cloak of poison resistance (worn)
Jewellery
 h - a ring of flight (left hand)
 r - a ring of see invisible (right hand)
Wands
 t - a wand of paralysis (10)
 x - a wand of acid (10)
Scrolls
 d - a scroll of vulnerability
 k - a scroll of amnesia
 l - 2 scrolls of fear
 s - a scroll of silence
 v - 7 scrolls of fog
 w - 12 scrolls of identify
 y - 5 scrolls of enchant armour
 z - a scroll of holy word
 A - 3 scrolls of enchant weapon
 B - a scroll of summoning
Potions
 c - 5 potions of curing
 e - 3 potions of haste
 f - 4 potions of magic
 g - 4 potions of berserk rage
 i - 6 potions of mutation
 m - 5 potions of flight
 n - 6 potions of might
 p - a potion of ambrosia
Miscellaneous
 o - a lightning rod (4/4)


   Skills:
 * Level 26.1 Fighting
 - Level 24.0 Axes
 + Level 22.9 Armour
 + Level 21.1 Dodging


You had 13 spell levels left.
You didn't know any spells.
Your spell library was empty.

Dungeon Overview and Level Annotations

Branches:
Dungeon (1/1)

Altars:
Cheibriados
Dithmenos
Elyvilon
Fedhas
Gozag
Hepliaklqana
Kikubaaqudgha
Makhleb
Nemelex Xobeh
Okawaru
Qazlal
Ru
Sif Muna
Trog
Uskayaw
Vehumet
Wu Jian
Xom
Yredelemnul
Zin
The Shining One
Beogh
Jiyva
Lugonu

Shops:
D ?(:=(=?![[[?(?[![=*:(?

Annotations:
D exclusion: 2 statues, Mennas, Roxanne


Innate Abilities, Weirdness & Mutations

You have a pair of horns on your head.
You reflexively headbutt those who attack you in melee.
Your spells are a little easier to cast, but a little less powerful.


Message History

The silver bolt hits you!! The silver sears you!
The pristine statue shoots a silver bolt.
The silver bolt completely misses you.
Marking area around 2 pristine statues as unsafe for travelling.
There is an open door, spattered with blood here.
Unknown command.
Unknown command.
There is an open door, spattered with blood here.
You see here a +2 robe of positive energy.
Unknown command.
Okay, then.
Okay, then.
Mennas barely misses you. Mennas closely misses you.
Mennas hits you from afar with a +0 trishula of holy wrath! x2
Mennas hits you from afar with a +0 trishula of holy wrath!!
Mennas hits you from afar with a +0 trishula of holy wrath.
Mennas hits you from afar with a +0 trishula of holy wrath!!
Mennas completely misses you. Mennas misses you.
Mennas hits you from afar with a +0 trishula of holy wrath! x2
Mennas hits you from afar with a +0 trishula of holy wrath.
Mennas shakes his head sadly.
Mennas barely misses you.
Mennas hits you with a +0 trishula of holy wrath.
* * * LOW HITPOINT WARNING * * *
Mennas hits you with a +0 trishula of holy wrath.
* * * LOW HITPOINT WARNING * * *
Mennas hits you with a +0 trishula of holy wrath!
* * * LOW HITPOINT WARNING * * *
There is an open door, spattered with blood here.
You see here a +2 robe of positive energy.
Unknown command.
Magic scrolls do not work when you're silenced!
Unknown command.
You feel yourself speed up.
Mennas hits you with a +0 trishula of holy wrath!!
* * * LOW HITPOINT WARNING * * *
Mennas hits you with a +0 trishula of holy wrath.
* * * LOW HITPOINT WARNING * * *
Mennas hits you with a +0 trishula of holy wrath!
You die...

....##▓≈≈≈≈≈≈≈≈≈≈≈≈▓#..§§§§...#.⌠
######▓≈≈≈≈≈≈≈≈≈≈≈≈▓#########.#..
?....#▓≈≈≈......≈≈≈▓#.#.#.#.#....
.....#▓≈≈..∩∩.∩..≈≈▓#............
######▓▓▓▓▓▓▓▓▓▓▓▓▓▓#...)........
********###############)#########
,,,,,**,≈....≈8#...###...##:#≈≈≈≈
****+**≈......≈#...##.....##)#.≈≈
*,,,,**,.......#@###.......###)..
*,,,,**,.......A)..'.......'..)..
*,,,,**,.......#'###.....))#####.
*,,,,**≈......≈#≈≈)##.....##^^.##
*******,≈....≈8#'#'###...###^#..#
*,*,****##++####.#.# ##'####.##.#
,,,,,**,,+,,,,,#'#####.≈≈≈'#^##.#
**************,#.)'∩∩#.≈≈.#^^##..
,,,,,,*,,,* **,####∩∩#.≈≈.#######


You could see Mennas (fast, silencing).

Vanquished Creatures
  Mara (D)
  Boris (D)
  Nikola (D)
  Rupert (D)
  A kraken (D)
  Frances (D)
  An ancient champion (D)
  A storm dragon (D)
  Gastronok (D)
  Donald (D)
  A nagaraja (D)
  2 vampire knights (D)
  2 dire elephants (D)
  Snorg (D)
  A mummy priest (D)
  A naga warrior (D)
  4 anacondas (D)
  2 hydras (D)
  An alligator snapping turtle (D)
  A centaur warrior (D)
  Urug (D)
  4 death yaks (D)
  A deep elf knight (D)
  A shadow wraith (D)
  An anaconda zombie (D)
  2 skeletal warriors (D)
  A spriggan druid (D)
  A death drake (D)
  2 spectral iron dragons (D)
  An obsidian statue (D)
  2 deep elf zephyrmancers (D)
  An orc knight (D)
  A lindwurm (D)
  2 deep elf pyromancers (D)
  3 crystal guardians (D)
  An ugly thing (D)
  2 oklob plants (D)
  2 elephants (D)
  A guardian serpent (D)
  A stone giant skeleton (D)
  A molten gargoyle (D)
  3 black mambas (D)
  2 cane toads (D)
  A rime drake (D)
  An unseen horror (D)
  A komodo dragon (D)
  An anaconda simulacrum (D)
  4 spriggan defenders (D)
  2 tyrant leeches (D)
  A queen bee (D)
  3 hornets (D)
  4 statues (D)
  8 blink frogs (D)
  2 orc high priests (D)
  5 slime creatures (D)
  5 snapping turtles (D)
  2 spriggans (D)
  A shadow (D)
  3 wandering mushrooms (D)
  3 redbacks (D)
  A spatial vortex (D)
  An iron troll simulacrum (D)
  2 nagas (D)
  A hydra simulacrum (D)
  3 water moccasins (D)
  An orc warrior (D)
  A fire dragon simulacrum (D)
  2 black mamba simulacra (D)
  A swamp drake (D)
  A necrophage (D)
  2 centaurs (D)
  An earth elemental (D)
  A water elemental (D)
  32 killer bees (D)
  2 electric eels (D)
  3 orc priests (D)
  A jelly (D)
  A wizard (D)
  A necromancer (D)
  2 orc wizards (D)
  A polar bear simulacrum (D)
  3 humans (D)
  A kobold demonologist (D)
  4 adders (D)
  A phantom (D)
  12 orcs (D)
  An endoplasm (D)
  A goblin (D)
  3 rats (D)
  2 ballistomycete spores (D)
  A fungus (D)
  A tentacle (D)
201 creatures vanquished.

Vanquished Creatures (collateral kills)
  A crystal guardian (D)
1 creature vanquished.

Vanquished Creatures (others)
  3 ball lightnings (D)
  3 ballistomycete spores (D)
  3 fungi (D)
  35 plants (D)
  20 tentacles (D)
64 creatures vanquished.

Grand Total: 266 creatures vanquished

Notes
Turn   | Place    | Note
-------+----------+-------------------------------------------
     0 | D        | Zeld the Minotaur Berserker began the quest for the Orb.
     0 | D        | Reached XP level 1. HP: 19/19 MP: 0/0
   242 | D        | Reached ** piety under Trog
   245 | D        | Reached skill level 4 in Fighting
   278 | D        | Reached skill level 5 in Axes
   278 | D        | Reached XP level 2. HP: 8/28 MP: 1/1
   550 | D        | Noticed a water elemental
   553 | D        | Killed a water elemental
   554 | D        | Reached skill level 5 in Fighting
   554 | D        | Reached skill level 5 in Armour
   554 | D        | Reached XP level 3. HP: 37/37 MP: 2/2
   554 | D        | Reached XP level 4. HP: 44/44 MP: 3/3
   580 | D        | Found a radiant altar of Vehumet.
   580 | D        | Found a shimmering blue altar of Sif Muna.
   580 | D        | Found an ancient bone altar of Kikubaaqudgha.
   580 | D        | Noticed a wizard
   582 | D        | Noticed a rust devil
   583 | D        | Noticed a chaos spawn
   594 | D        | Killed a wizard
   594 | D        | Reached *** piety under Trog
   595 | D        | Reached skill level 6 in Fighting
   635 | D        | Reached skill level 5 in Dodging
  1037 | D        | Found a glowing silver altar of Zin.
  1037 | D        | Found a glowing golden altar of the Shining One.
  1037 | D        | Found a white marble altar of Elyvilon.
  1038 | D        | Noticed a deep elf pyromancer
  1052 | D        | Killed a deep elf pyromancer
  1052 | D        | Reached **** piety under Trog
  1053 | D        | Reached skill level 8 in Fighting
  1053 | D        | Reached XP level 5. HP: 41/56 MP: 4/4
  1053 | D        | Reached XP level 6. HP: 46/62 MP: 5/5
  1053 | D        | Reached XP level 7. HP: 51/69 MP: 6/6
  1239 | D        | Found a hide-covered altar of Uskayaw.
  1239 | D        | Found an iron altar of Okawaru.
  1239 | D        | Found a bloodstained altar of Trog.
  1239 | D        | Found an ornate altar of the Wu Jian Council.
  1239 | D        | Noticed a human
  1243 | D        | Killed a human
  1244 | D        | Reached skill level 9 in Fighting
  1244 | D        | Noticed a human
  1247 | D        | Killed a human
  1344 | D        | Found a basalt altar of Yredelemnul.
  1344 | D        | Found a shadowy altar of Dithmenos.
  1344 | D        | Found a sacrificial altar of Ru.
  1353 | D        | Reached ***** piety under Trog
  1419 | D        | Noticed a shadow
  1425 | D        | Reached skill level 10 in Fighting
  1434 | D        | Killed a shadow
  1435 | D        | Reached XP level 8. HP: 20/79 MP: 7/7
  1693 | D        | Found a blossoming altar of Fedhas.
  1693 | D        | Found a stormy altar of Qazlal.
  1693 | D        | Found a snail-covered altar of Cheibriados.
  1693 | D        | Found a burning altar of Makhleb.
  1693 | D        | Found a shimmering altar of Xom.
  1694 | D        | Found a hazy altar of Hepliaklqana.
  1694 | D        | Found an opulent altar of Gozag.
  1694 | D        | Found a sparkling altar of Nemelex Xobeh.
  1694 | D        | Found a corrupted altar of Lugonu.
  1694 | D        | Found a viscous altar of Jiyva.
  1708 | D        | Reached skill level 10 in Armour
  1809 | D        | Noticed Snorg
  1820 | D        | Killed Snorg
  1821 | D        | Reached skill level 11 in Fighting
  1821 | D        | Reached skill level 15 in Axes
  1821 | D        | Reached skill level 10 in Dodging
  2098 | D        | Noticed a centaur warrior
  2103 | D        | Reached XP level 9. HP: 89/89 MP: 8/8
  2108 | D        | Killed a centaur warrior
  2108 | D        | Received a gift from Trog
  2109 | D        | Reached skill level 12 in Fighting
  2358 | D        | Killed an unseen horror
  2455 | D        | Noticed a wandering mushroom
  2460 | D        | Noticed a wandering mushroom
  2462 | D        | Noticed a wandering mushroom
  2710 | D        | Noticed a cane toad
  2710 | D        | Noticed a komodo dragon
  2710 | D        | Noticed a cane toad
  2713 | D        | Killed a cane toad
  2717 | D        | Killed a cane toad
  2718 | D        | Reached skill level 13 in Fighting
  2718 | D        | Reached XP level 10. HP: 101/101 MP: 3/9
  2784 | D        | Received a gift from Trog
  3089 | D        | Reached ****** piety under Trog
  3093 | D        | Reached skill level 14 in Fighting
  3200 | D        | Noticed a lindwurm
  3204 | D        | Killed a lindwurm
  3205 | D        | Received a gift from Trog
  3319 | D        | Noticed Urug
  3325 | D        | Killed Urug
  3575 | D        | Noticed Donald
  3575 | D        | Noticed Frances
  3584 | D        | Killed Frances
  3585 | D        | Reached XP level 11. HP: 43/111 MP: 3/10
  3585 | D        | Killed Donald
  3585 | D        | Received a gift from Trog
  3586 | D        | Reached skill level 15 in Fighting
  3586 | D        | Reached skill level 15 in Armour
  3759 | D        | Noticed an orc knight
  3761 | D        | Found Xuemp's Jewellery Emporium.
  3769 | D        | Killed an orc knight
  3773 | D        | Identified the +2 battleaxe "Voigg" {vorpal, rPois} (Trog
                  | gifted it to you in the Dungeon)
  3773 | D        | Received a gift from Trog
  3834 | D        | Bought a ring of poison resistance for 240 gold pieces
  3834 | D        | Bought a ring of see invisible for 180 gold pieces
  3995 | D        | Received a gift from Trog
  4013 | D        | Received a gift from Trog
  4035 | D        | Received a gift from Trog
  4058 | D        | Identified the +8 battleaxe of Death's Door {vorpal,
                  | Fragile rN+ Str+2 SInv} (Trog gifted it to you in the
                  | Dungeon)
  4058 | D        | Received a gift from Trog
  4175 | D        | Noticed a soul eater
  4184 | D        | Reached skill level 16 in Fighting
  4299 | D        | Received a gift from Trog
  4593 | D        | Noticed a brown ugly thing
  4597 | D        | Killed a brown ugly thing
  4713 | D        | Noticed an obsidian statue
  4717 | D        | Noticed a soul eater
  4733 | D        | Gained mutation: Your spells are a little easier to cast,
                  | but a little less powerful. [a neqoxec]
  5174 | D        | Noticed Rupert
  5180 | D        | Killed Rupert
  5181 | D        | Reached skill level 15 in Dodging
  5306 | D        | Noticed an azure jelly
  5306 | D        | Noticed an azure jelly
  5306 | D        | Noticed an azure jelly
  5306 | D        | Noticed an azure jelly
  5310 | D        | Noticed a dire elephant
  5310 | D        | Noticed a dire elephant
  5310 | D        | Noticed Gastronok
  5317 | D        | Killed a dire elephant
  5319 | D        | Killed Gastronok
  5320 | D        | Reached skill level 17 in Fighting
  5320 | D        | Reached XP level 12. HP: 65/125 MP: 3/11
  5324 | D        | Killed a dire elephant
  5325 | D        | Received a gift from Trog
  5633 | D        | Noticed a death yak
  5633 | D        | Noticed a death yak
  5644 | D        | Killed a death yak
  5803 | D        | Noticed a death yak
  5808 | D        | Noticed a death yak
  5816 | D        | Killed a death yak
  5825 | D        | Killed a death yak
  5829 | D        | Killed a death yak
  5840 | D        | Received a gift from Trog
  5841 | D        | Reached skill level 18 in Fighting
  6073 | D        | Noticed an anaconda
  6076 | D        | Killed an anaconda
  6212 | D        | Received a gift from Trog
  6216 | D        | Noticed an anaconda
  6216 | D        | Noticed an anaconda
  6216 | D        | Noticed an anaconda
  6222 | D        | Killed an anaconda
  6223 | D        | Killed an anaconda
  6226 | D        | Killed an anaconda
  6364 | D        | Noticed a nagaraja
  6365 | D        | Noticed a naga warrior
  6383 | D        | Killed a nagaraja
  6384 | D        | Reached skill level 19 in Fighting
  6386 | D        | Killed a naga warrior
  6386 | D        | Received a gift from Trog
  6539 | D        | Found Ilouf's Magic Scroll Boutique.
  6539 | D        | Found Xiunnafe's Antique Weapon Emporium.
  6543 | D        | Found Jiuff's Book Shop.
  6548 | D        | Bought a scorched broad axe for 270 gold pieces
  6548 | D        | Identified the +3 broad axe of the Unspeakable One
                  | {antimagic, *Rage Will+ Str+7 Dex+5} (You bought it in a
                  | shop in the Dungeon)
  6552 | D        | Bought a scroll of fog for 20 gold pieces
  6552 | D        | Bought a scroll of identify for 20 gold pieces
  6552 | D        | Bought a scroll of magic mapping for 35 gold pieces
  6552 | D        | Bought a scroll of enchant armour for 75 gold pieces
  6552 | D        | Bought a scroll of fear for 35 gold pieces
  6723 | D        | Got a serpentine rune of Zot
  6915 | D        | Noticed a deep elf annihilator
  6921 | D        | Received a gift from Trog
  6922 | D        | Reached XP level 13. HP: 137/139 MP: 4/12
  7032 | D        | Noticed a deep elf death mage
  7034 | D        | Noticed a deep elf annihilator
  7034 | D        | Noticed a deep elf death mage
  7035 | D        | Noticed a deep elf annihilator
  7161 | D        | Identified the +10 broad axe of Heqoopru {elec, rF+ Str+3}
  7162 | D        | Noticed a deep elf master archer
  7165 | D        | Identified the ring "Faaro" {rF+ Int+6}
  7440 | D        | Reached skill level 20 in Fighting
  7560 | D        | Identified the +12 executioner's axe of the Several Moons
                  | {vorpal, Str+2} (Trog gifted it to you in the Dungeon)
  7560 | D        | Received a gift from Trog
  7874 | D        | Found a blossoming altar of Fedhas.
  7881 | D        | Received a gift from Trog
  8333 | D        | Noticed a kraken
  8604 | D        | Killed a kraken
  8605 | D        | Reached skill level 21 in Fighting
  8712 | D        | Identified the +10 battleaxe of Impatience {vorpal, Stlth+}
                  | (Trog gifted it to you in the Dungeon)
  8712 | D        | Received a gift from Trog
  8817 | D        | Found Ypnaillos's Magic Scroll Boutique.
  8817 | D        | Found Qoasch's Antique Weapon Shop.
  8817 | D        | Found Dyukus's Jewellery Emporium.
  8827 | D        | Bought a scroll of identify for 24 gold pieces
  8827 | D        | Bought a scroll of silence for 90 gold pieces
  8827 | D        | Bought a scroll of fog for 24 gold pieces
  8827 | D        | Bought a scroll of holy word for 90 gold pieces
  8827 | D        | Bought a scroll of enchant armour for 90 gold pieces
  8827 | D        | Bought a scroll of identify for 24 gold pieces
  8828 | D        | Got a barnacled rune of Zot
  9221 | D        | Received a gift from Trog
  9222 | D        | Reached skill level 22 in Fighting
  9356 | D        | Found Nisius's Distillery.
  9356 | D        | Found Jankuaj's Jewellery Shop.
  9356 | D        | Found Xaqint's Magic Scroll Boutique.
  9356 | D        | Found Utycruot's Magic Scroll Shoppe.
  9356 | D        | Found Tafoapei's Armour Boutique.
  9356 | D        | Found Uziwk's Antique Armour Emporium.
  9356 | D        | Found Exoitti's Antique Weapon Shoppe.
  9356 | D        | Found Qonauxtu's Antique Weapon Shop.
  9356 | D        | Found Xastuk's Magic Scroll Shop.
  9356 | D        | Found Moqy's Book Emporium.
  9356 | D        | Found Jykudd's General Store.
  9386 | D        | Bought 2 scrolls of identify for 44 gold pieces
  9386 | D        | Bought a scroll of identify for 22 gold pieces
  9386 | D        | Bought a scroll of enchant armour for 82 gold pieces
  9386 | D        | Bought a scroll of identify for 22 gold pieces
  9386 | D        | Bought a scroll of identify for 22 gold pieces
  9386 | D        | Bought a scroll of summoning for 104 gold pieces
  9386 | D        | Bought a scroll of identify for 22 gold pieces
  9388 | D        | Bought a potion of flight for 42 gold pieces
  9388 | D        | Bought a potion of might for 56 gold pieces
  9388 | D        | Bought a potion of flight for 42 gold pieces
  9388 | D        | Bought a potion of magic for 112 gold pieces
  9388 | D        | Bought a potion of haste for 140 gold pieces
  9388 | D        | Bought a potion of haste for 140 gold pieces
  9388 | D        | Bought a potion of mutation for 112 gold pieces
  9388 | D        | Bought a potion of magic for 112 gold pieces
  9389 | D        | Bought 2 scrolls of identify for 52 gold pieces
  9389 | D        | Bought a scroll of enchant weapon for 97 gold pieces
  9389 | D        | Bought a scroll of enchant armour for 97 gold pieces
  9389 | D        | Bought a scroll of enchant weapon for 97 gold pieces
  9389 | D        | Bought a scroll of fog for 26 gold pieces
  9389 | D        | Bought a scroll of enchant armour for 97 gold pieces
  9389 | D        | Bought a scroll of identify for 26 gold pieces
  9389 | D        | Bought a scroll of identify for 26 gold pieces
  9392 | D        | Bought an embroidered cloak for 165 gold pieces
  9403 | D        | Bought a scroll of identify for 22 gold pieces
  9403 | D        | Bought a scroll of fog for 22 gold pieces
  9403 | D        | Bought a scroll of fog for 22 gold pieces
  9403 | D        | Bought a scroll of fog for 22 gold pieces
  9403 | D        | Bought a scroll of identify for 22 gold pieces
  9636 | D        | Noticed a vampire knight
  9639 | D        | Paralysed by a vampire knight for 3 turns
  9646 | D        | Killed a vampire knight
  9648 | D        | Received a gift from Trog
  9679 | D        | Noticed a mummy priest
  9687 | D        | Killed a mummy priest
  9688 | D        | Reached skill level 23 in Fighting
  9738 | D        | Received a gift from Trog
 10009 | D        | Found Celir's Armour Shop.
 10010 | D        | Found Alin Yli's Armour Shoppe.
 10010 | D        | Found Koepiyv's Armour Shop.
 10010 | D        | Found Guotin's Distillery.
 10010 | D        | Noticed Roxanne
 10011 | D        | Received a gift from Trog
 10173 | D        | Bought a potion of flight for 36 gold pieces
 10173 | D        | Bought 2 potions of might for 96 gold pieces
 10173 | D        | Bought a potion of mutation for 96 gold pieces
 10173 | D        | Bought a potion of might for 48 gold pieces
 10173 | D        | Bought a potion of haste for 120 gold pieces
 10173 | D        | Bought a potion of curing for 36 gold pieces
 10173 | D        | Bought a potion of berserk rage for 60 gold pieces
 10227 | D        | Noticed Nikola
 10227 | D        | Noticed a storm dragon
 10236 | D        | Killed Nikola
 10237 | D        | Reached skill level 24 in Fighting
 10242 | D        | Killed a storm dragon
 10476 | D        | Received a gift from Trog
 10790 | D        | Noticed Mara
 10790 | D        | Noticed a vampire knight
 10794 | D        | Noticed Zeld's illusion
 10798 | D        | Killed a vampire knight
 10799 | D        | Reached XP level 14. HP: 160/160 MP: 13/13
 10802 | D        | Killed Mara
 10803 | D        | Reached skill level 25 in Fighting
 10926 | D        | Bought a ring of flight for 227 gold pieces
 10951 | D        | Noticed an ancient champion
 10954 | D        | Killed an ancient champion
 11056 | D        | Noticed Boris
 11060 | D        | Received a gift from Trog
 11073 | D        | Killed Boris
 11074 | D        | Reached skill level 26 in Fighting
 11221 | D        | Received a gift from Trog
 11455 | D        | Noticed Mennas
 11462 | D        | Slain by Mennas

Illustrated notes

Levels and vault maps discovered:
D:        dungeon_sprint_mu [sprint_mu_entry_forest, sprint_mu_temple_rooms,
          sprint_mu_d1_horrors, sprint_mu_d2_genie, sprint_mu_d3_branching,
          sprint_mu_orc_legion, sprint_mu_elf_gauntlet, sprint_mu_hive_nellie,
          sprint_mu_lair_fedhas, sprint_mu_vaults_butterflies,
          sprint_mu_slime_circle, sprint_mu_shoals_kraken,
          sprint_mu_snake_twists, sprint_mu_blade_basic,
          sprint_mu_crypt_fortress, sprint_mu_tomb_spiral,
          sprint_mu_vestibule_basic, sprint_mu_gehenna_hellfire,
          sprint_mu_dis_giant, sprint_mu_tartarus_statrot,
          sprint_mu_cocytus_islands, sprint_mu_zot1]

Skill      XL: |  1  2  3  4  5  6  7  8  9 10 11 12 13 14 |
---------------+-------------------------------------------+-----
Axes           | 5 7 12 13 15 17 20 22 24 | 24.0
Fighting       | 4 5 8 10 11 13 14 17 19 24 26 | 26.1
Armour         | 3 5 8 9 11 12 14 16 19 21 22 | 22.9
Dodging        | 3 4 7 9 10 11 13 15 17 20 21 | 21.1

Action                   |  1- 3 |  4- 6 |  7- 9 | 10-12 | 13-15 || total
-------------------------+-------+-------+-------+-------+-------++-------
Melee: Hand axe          |    24 |    29 |    86 |       |       ||   139
       Headbutt          |     2 |     3 |    25 |    45 |    39 ||   114
       Punch             |       |     1 |     3 |       |       ||     4
       Executioner's axe |       |       |    21 |   297 |   141 ||   459
       Battleaxe         |       |       |       |       |    13 ||    13
Invok: Berserk           |     2 |     2 |     4 |     8 |     8 ||    24
       Brothers in Arms  |       |       |       |       |     1 ||     1
Evoke: Wand              |       |       |       |       |     2 ||     2
  Use: Scroll            |       |       |       |     3 |     4 ||     7
       Potion            |       |       |       |       |     7 ||     7
 Stab: Sleeping          |     1 |       |       |       |       ||     1
       Invisible         |       |       |       |       |     3 ||     3
Armor: Animal skin       |     4 |       |     1 |       |       ||     5
       Troll leather arm |       |       |     8 |    55 |    30 ||    93
Dodge: Dodged            |    12 |    15 |    34 |   186 |   103 ||   350
